 Dungeon Crawl Stone Soup version 0.29-a0-1033-gb6c65ffae6 (webtiles) character file.

Game seed: 4365790799575394022

140 purpskrrrp the Trooper (level 5, -4/41 HPs)
             Began as a Demonspawn Abyssal Knight on Aug 15, 2022.
             Was an Elder of Lugonu.
             Engulfed by a cloud of steam (10 damage)
             ... on level 4 of the Dungeon.
             The game lasted 00:06:46 (2701 turns).

purpskrrrp the Trooper (Demonspawn Abyssal Knight)  Turns: 2701, Time: 00:06:46

Health: -4/41      AC:  8    Str: 13    XL:     5   Next: 2%
Magic:  7/7        EV: 12    Int: 11    God:    Lugonu [****..]
Gold:   63         SH:  0    Dex: 16    Spells: 4/4 levels left

rFire   . . .      SeeInvis .   m - +2 dagger (venom)
rCold   . . .      Faith    .   (no shield)
rNeg    . . .      Spirit   .   b - +0 leather armour
rPois   +          Reflect  .   k - +0 helmet
rElec   .          Harm     .   f - +1 cloak
rCorr   .          Rampage  .   (no gloves)
Will    .....                   (no boots)
Stlth   +.........              (no amulet)
HPRegen 1.13/turn               d - ring of poison resistance
MPRegen 0.10/turn               (no ring)

@: no status effects
A: thin metallic scales 1, powered by death 1, weakness stinger 1
a: Renounce Religion, Depart the Abyss, Bend Space, Banish, Corrupt


You were on level 4 of the Dungeon.
You worshipped Lugonu.
Lugonu was greatly pleased with you.
You visited 1 branch of the dungeon, and saw 4 of its levels.
You visited the Abyss 1 time.

You collected 63 gold pieces.

Inventory:

Hand Weapons
 a - a +1 falchion
 m - a +2 dagger of venom (weapon)
Missiles
 h - 3 poisoned darts
Armour
 b - a +0 leather armour (worn)
 f - a +1 cloak (worn)
 k - a +0 helmet (worn)
Jewellery
 d - a ring of poison resistance (left hand)
Scrolls
 g - a scroll of teleportation
 l - a scroll of vulnerability
Potions
 c - a potion of curing {unknown}
 o - a potion of attraction {unknown}
 p - a potion of lignification {unknown}
 q - 2 potions of brilliance
 t - a potion of mutation {unknown}


   Skills:
 + Level 3.6 Fighting
 * Level 1.0(1.9) Short Blades
 + Level 2.5(2.6) Long Blades
 + Level 2.5 Armour
 + Level 1.9 Dodging
 + Level 3.5 Invocations


You had 4 spell levels left.
You didn't know any spells.
Your spell library contained the following spells:

 Spells                   Type           Power      Damage    Failure   Level
 Shock                    Conj/Air       0%         1d3       41%         1
 Summon Small Mammal      Summ           0%         N/A       41%         1
 Call Canine Familiar     Summ           0%         N/A       80%         3
 Summon Guardian Golem    Hex/Summ       0%         N/A       80%         3
 Swiftness                Air            0%         N/A       80%         3
 Airstrike                Air            0%         2d(0-16)  99%         4


Dungeon Overview and Level Annotations

Branches:
Dungeon (4/15)
 Temple: D:4-7

Altars:
Cheibriados

Shops:
D:1 [   D:2 *


Innate Abilities, Weirdness & Mutations

You are partially covered in thin metallic scales. (AC +2)
You regenerate a little health from kills.
You have a small tail.


Message History

The steam dragon looks as sick as possible!
Your tail-slap misses the steam dragon.
The steam dragon is heavily wounded.
You are engulfed in a cloud of scalding steam.
The steam dragon bites you!
The steam dragon claws you but does no damage.
You closely miss the steam dragon.
The steam dragon is heavily wounded.
You closely miss the steam dragon.
The steam dragon is severely wounded.
The steam dragon breathes steam at you. The ball of steam misses you.
You hit the steam dragon but do no damage.
The steam dragon looks as sick as possible!
The steam dragon is severely wounded.
You are engulfed in a cloud of scalding steam.
The steam dragon completely misses you.
The steam dragon claws you but does no damage.
You closely miss the steam dragon.
You tail-slap the steam dragon, but do no damage.
The steam dragon is severely wounded.
You are engulfed in a cloud of scalding steam.
The steam dragon barely misses you.
The steam dragon claws you but does no damage.
You hit the steam dragon but do no damage.
The steam dragon looks as sick as possible!
The steam dragon is almost dead.
You are engulfed in a cloud of scalding steam.
The steam dragon breathes steam at you. The ball of steam misses you.
You closely miss the steam dragon.
The steam dragon is almost dead.
You are engulfed in a cloud of scalding steam.
* * * LOW HITPOINT WARNING * * *
The steam dragon barely misses you. x2
You hit the steam dragon.
You kill the steam dragon!
Lugonu accepts your kill.
You are engulfed in a cloud of scalding steam.
You die...

#.......#
######..#
#.......#
######.## #.# #.#
### #.# .. ######
#.# ยง#
......##@###.#####
#...?........#
###...##.###<#
#.....#.#
##...##.# ##.## ..
#.# ## #.# #+#


There were no monsters in sight!

Vanquished Creatures
  A steam dragon (D:4)
  A hound (D:3)
  3 adders
  3 worms
  5 orcs
  6 endoplasms
  3 giant cockroaches
  5 goblins (D:1)
  5 hobgoblins
  4 jackals (D:2)
  4 quokkas
  4 ball pythons
  3 bats
  6 frilled lizards
  8 kobolds
  11 rats
72 creatures vanquished.

Vanquished Creatures (others)
  A plant (D:1)
1 creature vanquished.

Grand Total: 73 creatures vanquished

Notes
Turn   | Place    | Note
-------+----------+-------------------------------------------
     0 | Abyss:1  | purpskrrrp the Demonspawn Abyssal Knight began the quest
                  | for the Orb.
     0 | Abyss:1  | Reached XP level 1. HP: 18/18 MP: 2/2
     1 | D:1      | Escaped the Abyss
    60 | D:1      | Reached skill level 1 in Dodging
   249 | D:1      | Gained mutation: You have a small tail. [demonic ancestry]
   249 | D:1      | Reached XP level 2. HP: 14/24 MP: 4/4
   857 | D:1      | Found Jauteuqu's Antique Armour Boutique.
   902 | D:1      | Gained mutation: You are partially covered in thin metallic
                  | scales. (AC +2) [demonic ancestry]
   902 | D:1      | Reached XP level 3. HP: 29/29 MP: 5/5
   914 | D:1      | Reached *** piety under Lugonu
  1232 | D:2      | Found a faded altar of an unknown god.
  1703 | D:2      | Found Watizay's Assorted Antiques.
  1985 | D:3      | Reached XP level 4. HP: 35/35 MP: 6/6
  2203 | D:3      | Found a snail-covered altar of Cheibriados.
  2447 | D:3      | Reached skill level 1 in Short Blades
  2474 | D:3      | Gained mutation: You regenerate a little health from kills.
                  | [demonic ancestry]
  2474 | D:3      | Reached XP level 5. HP: 39/41 MP: 7/7
  2640 | D:4      | Reached **** piety under Lugonu
  2680 | D:4      | Noticed a steam dragon
  2701 | D:4      | Killed a steam dragon
  2701 | D:4      | Engulfed by a cloud of steam

Illustrated notes

Levels and vault maps discovered:
D:1:      onia_arrival_pyramid, layout_loops_ring, serial_shops,
          nicolae_shop_overgrown_old_shop
D:2:      layout_loops_ring, serial_shops, nicolae_shop_waterfront,
          ebering_ecumenical_altar_sacrificial
D:3:      layout_basic, cheibrodos_worm_habitat
D:4:      layout_loops_corners, kennysheep_mini, nicolae_ossuary_entry_ruins,
          uniq_natasha

Skill      XL: |  1  2  3  4 |
---------------+-------------+-----
Dodging        | 1 |  1.9
Long Blades    | 2 |  2.5
Armour         | 2 |  2.5
Invocations    | 3 |  3.5
Short Blades   | 1 |  1.0
Fighting       | |  3.6

Action                   |  1- 3 |  4- 6 || total
-------------------------+-------+-------++-------
Melee: Falchion          |   135 |       ||   135
       Tailslap          |    12 |     7 ||    19
       Dagger            |    12 |    57 ||    69
Invok: Bend Space        |       |     1 ||     1
  Use: Scroll            |       |     8 ||     8
       Potion            |       |     2 ||     2
 Stab: Sleeping          |     3 |       ||     3
       Distracted        |     1 |       ||     1
Armor: Leather armour    |    67 |    20 ||    87
Dodge: Dodged            |    92 |    33 ||   125

Table legend: (Time is in decaauts)
 A = Elapsed time spent in this place.
 B = Non-inter-level travel time spent in this place.
 C = Inter-level travel time spent in this place.
 D = Time resting spent in this place.
 E = Time spent auto-exploring this place.
 F = Levels seen in this place.
 G = Mean time per level.
                   A        B        C        D        E       F      G
               +--------+--------+--------+--------+--------+-----+--------+
         Total |   2733 |   2626 |    107 |      0 |   2089 |   5 |  546.6 |
       Dungeon |   2732 |   2625 |    107 |      0 |   2089 |   4 |  683.0 |
         Abyss |      1 |      1 |      0 |      0 |      0 |   1 |    1.0 |
               +--------+--------+--------+--------+--------+-----+--------+

Top non-repeatable levels by time:
     D:1: 1131 daAuts
     D:2: 865 daAuts
     D:3: 665 daAuts
     D:4: 70 daAuts
 Abyss:1: 1 daAuts
